 Dungeon Crawl Stone Soup version 0.20.1-1-g8b1a95d (webtiles) character file.

1654 Gremour the Carver (level 9, -1/52 HPs)
             Began as a Gargoyle Fighter on Nov 12, 2017.
             Was an Initiate of Qazlal.
             Slain by an ogre
             ... wielding a +0 giant club
              (26 damage)
             ... on level 6 of the Dungeon.
             The game lasted 00:23:50 (4612 turns).

Gremour the Carver (Gargoyle Fighter)               Turns: 4612, Time: 00:23:51

Health: -1/52      AC: 15    Str: 19    XL:     9   Next: 0%
Magic:  9/9        EV: 10    Int: 10    God:    Qazlal [......]
Gold:   285        SH:  7    Dex: 12    Spells: 8/8 levels left

rFire    . . .     SeeInvis .   a - +3 falchion
rCold    . . .     Gourm    .   j - +2 buckler {reflect}
rNeg     + . .     Faith    .   x - +0 scale mail
rPois    ∞         Spirit   .   (no helmet)
rElec    +         Reflect  +   l - +0 cloak
rCorr    .         Harm     .   (no gloves)
MR       .....                  m - +0 pair of boots
Stlth    ..........             o - amulet of regeneration
Regen    0.6/turn               (no ring)
MPRegen  0.2/turn               (no ring)

@: no status effects
A: negative energy resistance 1, electricity resistance, unbreathing,
petrification resistance, rot immunity, AC +5
a: Renounce Religion


You were on level 6 of the Dungeon.
You worshipped Qazlal.
Qazlal was noncommittal.
You were hungry.

You visited 2 branches of the dungeon, and saw 7 of its levels.

You collected 285 gold pieces.

Inventory:

Hand Weapons
 a - a +3 falchion (weapon)
 b - a +3 flail of protection
 n - a +0 long sword
Armour
 c - a +0 shield
 j - a +2 buckler of reflection (worn)
 l - a +0 cloak (worn)
 m - a +0 pair of boots (worn)
 x - a +0 scale mail (worn)
Jewellery
 o - an amulet of regeneration (around neck)
 s - an uncursed ring of teleportation
Scrolls
 e - 2 scrolls of recharging
 h - a scroll of noise {unknown}
 i - 2 scrolls of remove curse
 k - 6 scrolls of identify
 u - a scroll of enchant armour {unknown}
 v - a scroll of amnesia {unknown}
 y - a scroll of teleportation
 z - a scroll of fog {unknown}
Potions
 d - 2 potions of might
 g - 2 potions of heal wounds
 q - a potion of curing
 r - a potion of mutation {unknown}
 t - a potion of lignification {unknown}
Comestibles
 f - 3 bread rations
 p - a meat ration


   Skills:
 - Level 4.1 Fighting
 + Level 9.4 Long Blades
 - Level 4.1 Armour
 - Level 1.0 Dodging
 - Level 0.2 Stealth
 - Level 4.2 Shields


You had 8 spell levels left.
You didn't know any spells.

Dungeon Overview and Level Annotations

Branches:
Dungeon (6/15)             Temple (1/1) D:6

Altars:
Cheibriados
Dithmenos
Elyvilon
Fedhas
Gozag
Hepliaklqana
Makhleb
Nemelex Xobeh
Okawaru
Qazlal
Ru
Sif Muna
Trog
Uskayaw
Vehumet
Xom
Zin
The Shining One

Shops:
D:4 %   D:5 *


Innate Abilities, Weirdness & Mutations

You are resistant to torment.
Your stone body is resilient. (AC +5)
You are immune to poison.
You resist negative energy. (rN+)
You are resistant to electric shocks. (rElec)
You can survive without breathing.
You are immune to petrification.
You are immune to rotting.


Message History

The ogre is heavily wounded.
The ogre hits you with a giant club.
You hit the ogre.
The ogre is severely wounded.
You barely miss the ogre.
The ogre is severely wounded.
The ogre hits you with a giant club!
You hit the ogre.
The ogre is severely wounded.
You block the ogre's attack.
You hit the ogre.
The ogre is severely wounded.
You hit the ogre.
The ogre is almost dead.
The ogre hits you with a giant club!
You hit the ogre but do no damage.
The ogre is almost dead.
The ogre hits you with a giant club!!
Ouch! That really hurt!
You die...

###.#
#.#..[[........#..........
....#
#.#.#####.####.#.#########
.#### #.#.....#.#
#.#.#########
...#####.#####.#.#
#............
.............#.#.#
#............
.#.#####.....#.#.#
#............ .#.#
#########.#.#
#.#'#####.... .#.#
#.........#O# #.#.# #....
.#.# #.#########@# #...#
#.... .#.# #.# #.# #####
#.... .#.# #.#### ##'####
###'### .#.# #....#
#.....# #.....#
.#.###....# #.....#
###.⌠.⌠.# .#...#....#
#.....# #.'..>..+
)###.#..<.#####.....#
#.#.⌠.⌠.# .#
#.#...........####
#.#.....# .#
#.##...######## #.###'###


You could see an ogre.

Vanquished Creatures
  A black bear (D:6)
  2 phantoms
  3 ogres
  A centaur (D:5)
  A big kobold (D:5)
  3 killer bees (D:5)
  3 wights (D:6)
  4 crimson imps
  A jelly (D:5)
  A quasit (D:5)
  3 orc priests
  2 hounds
  A bullfrog skeleton (D:4)
  3 iguanas
  A worker ant (D:5)
  3 orc wizards
  A worker ant zombie (D:5)
  5 adders
  3 adder skeletons
  5 worms
  2 dart slugs
  3 leopard geckos
  15 orcs
  2 ball pythons
  7 giant cockroaches
  6 goblins
  7 hobgoblins
  25 kobolds
  3 quokkas
  12 bats
  4 frilled lizards
  7 rats
140 creatures vanquished.

Vanquished Creatures (others)
  A plant (D:5)
1 creature vanquished.

Grand Total: 141 creatures vanquished

Notes
Turn   | Place    | Note
-------+----------+-------------------------------------------
     0 | D:1      | Gremour the Gargoyle Fighter began the quest for the Orb.
     0 | D:1      | Reached XP level 1. HP: 14/14 MP: 1/1
   259 | D:1      | Reached XP level 2. HP: 19/19 MP: 2/2
   775 | D:2      | Reached XP level 3. HP: 23/23 MP: 3/3
   781 | D:2      | Reached skill level 2 in Long Blades
   982 | D:2      | Reached XP level 4. HP: 27/29 MP: 4/4
  1409 | D:3      | Found a white marble altar of Elyvilon.
  1728 | D:3      | Found a faded altar of an unknown god.
  1803 | D:3      | Found a shimmering altar of Xom.
  2160 | D:4      | Reached skill level 3 in Long Blades
  2160 | D:4      | Reached XP level 5. HP: 30/33 MP: 5/5
  2213 | D:4      | Reached skill level 1 in Dodging
  2333 | D:4      | Noticed an ogre
  2339 | D:4      | Reached XP level 6. HP: 38/38 MP: 6/6
  2347 | D:4      | Reached skill level 4 in Long Blades
  2404 | D:4      | Found Keapsaz's Food Emporium.
  2579 | D:4      | Found a burning altar of Makhleb.
  2632 | D:4      | Reached skill level 5 in Long Blades
  2632 | D:4      | Reached XP level 7. HP: 18/43 MP: 7/7
  2824 | D:4      | Reached skill level 6 in Long Blades
  2922 | D:5      | Entered Level 5 of the Dungeon
  2975 | D:5      | Found a glowing golden altar of the Shining One.
  3048 | D:5      | Reached skill level 7 in Long Blades
  3048 | D:5      | Reached XP level 8. HP: 32/48 MP: 8/8
  3328 | D:5      | Found Badiar's General Store.
  3616 | D:5      | Reached skill level 8 in Long Blades
  4143 | D:6      | Reached skill level 9 in Long Blades
  4343 | D:6      | Found a staircase to the Ecumenical Temple.
  4349 | Temple   | Entered the Ecumenical Temple
  4393 | Temple   | Became a worshipper of Qazlal Stormbringer
  4513 | D:6      | Reached XP level 9. HP: 43/52 MP: 9/9
  4612 | D:6      | Slain by an ogre

Skill      XL: |  1  2  3  4  5  6  7  8 |
---------------+-------------------------+-----
Long Blades    | 2 3 5 7 9 |  9.4
Armour         | 4 |  4.1
Fighting       | 4 |  4.1
Dodging        | 1 |  1.0
Shields        | 4 |  4.2
Stealth        | |  0.2

Action                   |  1- 3 |  4- 6 |  7- 9 || total
-------------------------+-------+-------+-------++-------
Melee: Long sword        |    87 |   138 |       ||   225
       Flail             |       |    57 |   359 ||   416
       Falchion          |       |       |    32 ||    32
  Use: Scroll            |       |     4 |     2 ||     6
       Potion            |       |       |     2 ||     2
  Eat: Chunk             |       |     6 |     7 ||    13
Armor: Scale mail        |    54 |    99 |   288 ||   441
Dodge: Dodged            |    54 |    72 |   266 ||   392
Block: Shield            |    28 |       |       ||    28
       Buckler           |    24 |    55 |   154 ||   233
       Reflection        |       |     1 |     2 ||     3
       Rpst.: Long sword |    16 |    15 |       ||    31
